cohdb
Replays
Latest Replays
All Replays
Popular Replays
Top Player Replays
Match Explorer
How It Works
Community
CoH3 Stats
Reddit
Sign in to upload your games and track your stats! →
Sign in with Steam
Match 44912331
Unlisted
Match 44912331
Overview
Messages
Build Orders
End
Selects Armored Battlegroup
Selects Assault Engineers
Assault Engineer Squad
Assault Engineer Squad
Construct Barracks
M1 Mortar Team
Construct Weapon Support Center
M1919 Machine Gun Team
Selects M31 Recovery Vehicle
Construct Medical Station
Bazooka Squad
Mechanized Support Center
M31 Recovery Vehicle
Improved M9 Bazooka Rockets
AI Takeover
Coupec
Thorben
1984kimki
2335263420
ƤhØenɪx | dibujantew
simhap
lplp4943718
ayyyyyy
0
0
Comments
sign in to comment!
No comments posted yet!